 Dungeon Crawl Stone Soup version 0.26-a0-812-g31a745ddcd (webtiles) character file.

Game seed: 1034432212288942886

3987 tilp the Grappler (level 10, -11/98 HPs)
             Began as an Ogre Transmuter on Dec 8, 2020.
             Was a Follower of Makhleb.
             Mangled by a troll (13 damage)
             ... on level 9 of the Dungeon.
             The game lasted 00:24:05 (15203 turns).

tilp the Grappler (Ogre Transmuter)                Turns: 15203, Time: 00:24:06

Health: -11/98     AC:  8    Str: 16    XL:     10   Next: 22%
Magic:  14/14      EV: 11    Int: 19    God:    Makhleb [*.....]
Gold:   427        SH:  0    Dex:  9    Spells: 0/17 levels left

rFire    . . .     SeeInvis .     - Unarmed
rCold    . . .     Faith    .   (no shield)
rNeg     . . .     Spirit   .   e - +2 robe {MR+}
rPois    .         Reflect  .   (helmet restricted)
rElec    .         Harm     .   B - +2 cloak
rCorr    .         Rampage  .   (gloves unavailable)
MR       ++...                  (boots unavailable)
Stlth    +++.......             (no amulet)
HPRegen  0.00/turn              f - ring of stealth
MPRegen  0.14/turn              (no ring)

@: no status effects
A: large, unfitting armour, hooves 1, camouflage 1, clever 1, low mp 1,
inhibited regeneration, tough skin 1
a: Renounce Religion


You were on level 9 of the Dungeon.
You worshipped Makhleb.
Makhleb was aware of your devotion.
You visited 2 branches of the dungeon, and saw 11 of its levels.

You collected 427 gold pieces.

Inventory:

Hand Weapons
 b - a +3 war axe of freezing
Missiles
 p - a throwing net
 q - 16 boomerangs (quivered)
 v - 25 poisoned darts
Armour
 e - a +2 robe of magic resistance (worn)
 z - a +0 kite shield
 B - a +2 cloak (worn)
Jewellery
 f - a ring of stealth (left hand)
Wands
 n - a wand of flame (27)
 y - a wand of paralysis (8)
Scrolls
 a - a scroll of vulnerability {unknown}
 c - 4 scrolls of teleportation
 g - 6 scrolls of remove curse
 i - a scroll of fog
 j - 4 scrolls of identify
 l - a scroll of enchant weapon
 o - a scroll of blinking
 s - a scroll of magic mapping {unknown}
 t - 3 scrolls of enchant armour
 u - a scroll of amnesia
 x - a scroll of noise {unknown}
Potions
 d - 2 potions of heal wounds
 h - 2 potions of curing
 k - 2 potions of lignification
 m - 3 potions of flight
 r - a potion of haste
 w - a potion of ambrosia
 A - a potion of resistance


   Skills:
 - Level 6.0 Fighting
 - Level 4.0 Dodging
 - Level 1.0 Stealth
 - Level 8.0 Unarmed Combat
 - Level 4.0 Spellcasting
 - Level 6.0 Transmutations
 + Level 1.6 Ice Magic
 + Level 2.7 Poison Magic
 - Level 4.0 Invocations
 - Level 4.0 Evocations


You couldn't memorise any spells.
You knew the following spells:

 Your Spells              Type           Power        Failure   Level
a - Beastly Appendage     Tmut           ####..       1%          1
b - Wereblood             Tmut           ####....     1%          2
c - Spider Form           Tmut/Pois      ###.......   7%          3
d - Ice Form              Ice/Tmut       ###.....     28%         4
e - Blade Hands           Tmut           ####......   32%         5
f - Poisonous Vapours     Pois/Air       #.....       12%         2

Your spell library contained the following spells:

 Spells                   Type           Power        Failure   Level
 Sting                    Tmut/Pois      ###.         2%          1
 Ignite Poison            Fire/Tmut/Pois ##......     12%         3
 Mephitic Cloud           Conj/Pois/Air  #.......     28%         3
 Olgreb's Toxic Radiance  Pois           ##......     41%         4


Dungeon Overview and Level Annotations

Branches:
Dungeon (10/15)            Temple (1/1) D:5            Lair (0/6) D:10
    Orc: D:9-12

Altars:
Ashenzari
Cheibriados
Dithmenos
Elyvilon
Fedhas
Gozag
Hepliaklqana
Kikubaaqudgha
Makhleb
Nemelex Xobeh
Okawaru
Qazlal
Ru
Sif Muna
Trog
Uskayaw
Vehumet
Wu Jian
Xom
Yredelemnul
Zin
The Shining One

Shops:
D:7 *   D:8 (

Annotations:
D:3 Grinder
D:4 3 runed translucent doors, bmj180's ghost, amateur DrCj
D:7 exclusion: water moccasin


Innate Abilities, Weirdness & Mutations

You are too large for most types of armour.
You have tough skin. (AC +1)
You have large cloven feet.
Your skin changes colour to match your surroundings (Stealth+).
Your mind is acute. (Int +2)
Your magical capacity is low. (-10% MP)
You do not regenerate when monsters are visible.


Message History

You kill the yak!
Makhleb accepts your kill.
You feel better.
You hit the troll but do no damage. Your kick misses the troll.
The troll is heavily wounded.
The troll bites you.
* * * LOW HITPOINT WARNING * * *
The troll closely misses you. The troll claws you!
* * * LOW HITPOINT WARNING * * *
You hit the troll.
The troll is severely wounded.
The troll misses you. The troll claws you!
* * * LOW HITPOINT WARNING * * *
The troll closely misses you.
You completely miss the troll. Your kick misses the troll.
The troll is severely wounded.
The troll bites you!
* * * LOW HITPOINT WARNING * * *
The troll claws you!
You die...

# # # # # ##### # #...#
############...################
..............................###
...............T@................
†...######.......................
....#....#.P...............).....
....#.....PPPP...................
...##.....P_P........(......#####
...#.....PP.P.####..........#....
...#......P......#######....#....
...#...................#....#....
#..#......#.^..........#....#....


You could see a troll (very poisoned).

Vanquished Creatures
  Pikel (D:7)
  A deep elf mage (D:7)
  A hornet (D:9)
  A yak (D:9)
  Eustachio (D:4)
  Menkaure (D:5)
  2 ice beasts
  A sky beast (D:7)
  A phantom (D:8)
  2 ogres
  5 centaurs
  A lemure (D:7)
  2 big kobolds (D:8)
  Blork the orc (D:5)
  A gnoll sergeant (D:8)
  4 bullfrogs
  2 scorpions
  6 hounds
  An orc priest (D:5)
  A bullfrog skeleton (D:4)
  7 orc wizards
  11 worker ants
  A worker ant zombie (D:5)
  A howler monkey skeleton (D:7)
  10 adders
  8 gnolls
  4 white imps
  2 adder skeletons
  2 worms
  A dart slug (D:1)
  9 leopard geckos
  21 orcs
  17 bats
  4 giant cockroaches
  10 hobgoblins
  22 jackals
  3 quokkas
  6 frilled lizards
  7 goblins
  18 kobolds
  A leopard gecko skeleton (D:6)
  A leopard gecko zombie (D:5)
  8 rats
210 creatures vanquished.

Notes
Turn   | Place    | Note
-------+----------+-------------------------------------------
     0 | D:1      | tilp the Ogre Transmuter began the quest for the Orb.
     0 | D:1      | Reached XP level 1. HP: 19/19 MP: 3/3
   480 | D:1      | Reached XP level 2. HP: 24/28 MP: 3/5
   484 | D:1      | Learned a level 2 spell: Wereblood
   537 | D:1      | Reached skill level 3 in Unarmed Combat
  1037 | D:1      | Reached XP level 3. HP: 33/35 MP: 6/6
  1042 | D:1      | Learned a level 3 spell: Spider Form
  1886 | D:2      | Reached skill level 4 in Unarmed Combat
  2260 | D:2      | Reached XP level 4. HP: 42/44 MP: 5/7
  3554 | D:3      | Reached XP level 5. HP: 26/53 MP: 5/8
  3897 | D:3      | Noticed Grinder
  4493 | D:3      | Reached skill level 5 in Unarmed Combat
  4705 | D:3      | Paralysed by Grinder for 5 turns
  4858 | D:3      | Reached XP level 6. HP: 25/62 MP: 9/9
  6002 | D:4      | Reached skill level 6 in Unarmed Combat
  6297 | D:4      | Reached XP level 7. HP: 58/71 MP: 8/10
  6303 | D:4      | Learned a level 4 spell: Ice Form
  6360 | D:4      | Found a runed translucent gate.
  6360 | D:4      | Found a runed translucent gate.
  6360 | D:4      | Found a runed translucent gate.
  6364 | D:4      | Noticed bmj180's ghost (amateur DrCj)
  7051 | D:4      | Reached skill level 1 in Stealth
  7371 | D:5      | Entered Level 5 of the Dungeon
  7963 | D:5      | Noticed Blork the orc
  8176 | D:5      | Reached skill level 5 in Fighting
  8237 | D:5      | Found a shimmering altar of Xom.
  8447 | D:5      | Reached XP level 8. HP: 20/81 MP: 9/11
  8880 | D:5      | Noticed Eustachio
  8907 | D:4      | Killed Eustachio
  8997 | D:5      | Noticed Menkaure
  9181 | D:5      | Killed Menkaure
  9257 | D:5      | Found a staircase to the Ecumenical Temple.
  9417 | Temple   | Entered the Ecumenical Temple
  9632 | Temple   | Became a worshipper of Makhleb the Destroyer
  9996 | D:6      | Reached skill level 7 in Unarmed Combat
 10970 | D:7      | Noticed a deep elf mage
 11101 | D:7      | Noticed Pikel
 11129 | D:7      | Killed Pikel
 11129 | D:7      | Reached skill level 8 in Unarmed Combat
 11129 | D:7      | Reached skill level 1 in Evocations
 11129 | D:7      | Reached XP level 9. HP: 58/89 MP: 11/14
 11391 | D:7      | Found an iron altar of Okawaru.
 11394 | D:7      | Found a shadowy altar of Dithmenos.
 11543 | D:7      | Found an ancient bone altar of Kikubaaqudgha.
 11648 | D:7      | Killed a deep elf mage
 11844 | D:7      | Found Tapu's Assorted Antiques.
 12040 | D:7      | Gained mutation: You do not regenerate when monsters are
                  | visible. [mutagenic glow]
 12060 | D:7      | Gained mutation: Your spells are a little easier to cast,
                  | but a little less powerful. [mutagenic glow]
 12119 | D:7      | Lost mutation: Your spells are a little easier to cast, but
                  | a little less powerful. [potion of mutation]
 12119 | D:7      | Gained mutation: You are frail. (-10% HP) [potion of
                  | mutation]
 12119 | D:7      | Gained mutation: You are partially covered in rugged brown
                  | scales. (AC +1, +3% HP) [potion of mutation]
 12119 | D:7      | Gained mutation: Your magical capacity is low. (-10% MP)
                  | [potion of mutation]
 12119 | D:7      | Gained mutation: Your mind is acute. (Int +2) [potion of
                  | mutation]
 12120 | D:7      | Lost mutation: You are frail. (-10% HP) [potion of
                  | mutation]
 12120 | D:7      | Lost mutation: You are partially covered in rugged brown
                  | scales. (AC +1, +3% HP) [potion of mutation]
 12120 | D:7      | Gained mutation: You have large cloven feet. [potion of
                  | mutation]
 12120 | D:7      | Gained mutation: Your skin changes colour to match your
                  | surroundings (Stealth+). [potion of mutation]
 12217 | D:5      | Killed Blork the orc
 12370 | D:8      | Reached * piety under Makhleb
 12577 | D:8      | Reached skill level 1 in Poison Magic
 13443 | D:8      | Reached skill level 5 in Transmutations
 13443 | D:8      | Reached XP level 10. HP: 47/98 MP: 14/14
 13770 | D:8      | Found Gouleus's Weapon Shop.
 14534 | D:9      | Found a stormy altar of Qazlal.
 14535 | D:9      | Found a blossoming altar of Fedhas.
 14577 | D:9      | Learned a level 5 spell: Blade Hands
 14580 | D:9      | Learned a level 2 spell: Poisonous Vapours
 14799 | D:9      | Reached skill level 1 in Ice Magic
 15108 | D:10     | Entered Level 10 of the Dungeon
 15151 | D:10     | Found a staircase to the Lair.
 15151 | D:10     | Noticed an elephant
 15203 | D:9      | HP: 2/98 [troll (12)]
 15203 | D:9      | Mangled by a troll

Illustrated notes

Levels and vault maps discovered:
D:1:      kennysheep_arrival_seaside, layout_loops_corners
D:2:      layout_rooms, minivault_25, minmay_quantized
D:3:      layout_rooms, uniq_grinder
D:4:      layout_layer_cave, ebering_ghost_rock_garden, hex_medium, minivault_5,
          solitary_fountain
D:5:      layout_gridville, minmay_temple_entry_enclosed_plants, tgw_xom,
          uniq_eustachio, uniq_blork_the_orc, uniq_menkaure
D:6:      layout_basic
D:7:      layout_basic, grunt_temple_overflow_open, serial_shops, shop,
          basic_altar, uniq_pikel
D:8:      layout_basic, serial_shops, shop
D:9:      layout_irregular_city, grunt_temple_overflow_forces_of_nature
D:10:     layout_irregular_city, david_lair_generic, nicolae_trove_entry_columns
Temple:   dpeg_five_rooms_temple

Skill      XL: |  1  2  3  4  5  6  7  8  9 10 |
---------------+-------------------------------+-----
Fighting       | 2 3 4 5 6 |  6.0
Transmutations | 2 3 4 5 6 |  6.0
Unarmed Combat | 3 4 5 6 8 |  8.0
Dodging        | 2 3 4 |  4.0
Stealth        | 1 |  1.0
Spellcasting   | 3 4 |  4.0
Invocations    | 2 4 |  4.0
Evocations     | 1 4 |  4.0
Poison Magic   | 2 |  2.7
Ice Magic      | 1 |  1.6

Action                   |  1- 3 |  4- 6 |  7- 9 | 10-12 || total
-------------------------+-------+-------+-------+-------++-------
Melee: Unarmed           |   127 |   259 |   358 |    66 ||   810
       Kick              |    11 |    23 |    73 |    11 ||   118
       Headbutt          |     9 |    18 |    34 |     7 ||    68
       Punch             |     1 |     1 |     5 |       ||     7
Throw: Stone             |    10 |    29 |       |       ||    39
       Boomerang         |       |    15 |     8 |     4 ||    27
 Cast: Beastly Appendage |    30 |    29 |    46 |     6 ||   111
       Wereblood         |       |     1 |     5 |     1 ||     7
       Spider Form       |       |       |     2 |     1 ||     3
       Ice Form          |       |       |       |     1 ||     1
Evoke: Wand              |       |       |     9 |       ||     9
  Use: Potion            |     2 |     3 |     2 |       ||     7
       Scroll            |     1 |    11 |     3 |     2 ||    17
 Stab: Sleeping          |       |       |     5 |     1 ||     6
       Paralysed         |       |       |     2 |       ||     2
Armor: Robe              |    51 |    72 |    70 |    19 ||   212
       Skin              |       |       |     1 |       ||     1
Dodge: Dodged            |    83 |   143 |   176 |    71 ||   473

Table legend: (Time is in decaauts)
 A = Elapsed time spent in this place.
 B = Non-inter-level travel time spent in this place.
 C = Inter-level travel time spent in this place.
 D = Time resting spent in this place.
 E = Time spent auto-exploring this place.
 F = Levels seen in this place.
 G = Mean time per level.
                   A        B        C        D        E       F      G
               +--------+--------+--------+--------+--------+-----+--------+
         Total |  15170 |  14241 |    929 |   5267 |   6859 |  11 | 1379.1 |
       Dungeon |  14925 |  14051 |    874 |   5267 |   6671 |  10 | 1492.5 |
        Temple |    244 |    189 |     55 |      0 |    188 |   1 |  244.0 |
               +--------+--------+--------+--------+--------+-----+--------+

Top non-repeatable levels by time:
     D:4: 2419 daAuts
     D:2: 2326 daAuts
     D:1: 1943 daAuts
     D:7: 1639 daAuts
     D:5: 1567 daAuts
     D:8: 1415 daAuts
     D:6: 1338 daAuts
     D:3: 1315 daAuts
     D:9: 901 daAuts
  Temple: 244 daAuts
    D:10: 58 daAuts
